 Dungeon Sprint DCSS version 0.16-a0-3807-g3748f16 (console) character file.

156 Monkaria the Carver (level 5, 0/53 HPs)
             Began as a Hill Orc Fighter on Jan 27, 2015.
             Was an Initiate of Makhleb.
             Slain by a wight
             ... wielding a cursed -1 morningstar
              (8 damage)
             ... in the Dungeon (Sprint IX: "|||||||||||||||||||||||||||||").
             The game lasted 00:00:41 (160 turns).

Monkaria the Carver (Hill Orc Fighter)               Turns: 160, Time: 00:00:41

Health: 0/53       AC:  6    Str: 20    XL:     5   Next: 38%
Magic:  5/5        EV:  7    Int:  8    God:    Makhleb [......]
Gold:   0          SH:  9    Dex: 10    Spells: 0 memorised, 4 levels left

rFire  . . .     SeeInvis .     a - +0 long sword
rCold  . . .     Clarity  .     b - +0 scale mail
rNeg   . . .     SustAb   .     c - +0 shield
rPois  .         Gourm    .     (no helmet)
rElec  .         Spirit   .     (no cloak)
rCorr  .         Warding  .     (no gloves)
rMut   .         NoTele   +     (no boots)
MR     .....                    (no amulet)
Stlth  ..........               (no ring)
                                (no ring)

@: drained, not resistant to hostile enchantments, extremely unstealthy
A: no striking features
a: Renounce Religion


You were in the Dungeon.
You worshipped Makhleb.
Makhleb was noncommittal.
You were not hungry.

You visited 1 branch

Inventory:

Hand weapons
 a - a +0 long sword (weapon)
Armour
 b - a +0 scale mail (worn)
 c - a +0 shield (worn)
Jewellery
 p - a +2 ring of protection
 q - a +2 ring of protection
Magical devices
 o - a wand of draining (7)
Scrolls
 k - 2 scrolls of blinking
 m - 3 scrolls of remove curse
 n - 2 scrolls of amnesia
Potions
 e - a potion of might
 f - a potion of invisibility
 g - 2 potions of heal wounds
 h - a potion of haste
 i - 4 potions of magic
 j - a potion of berserk rage
 l - 4 potions of curing
Comestibles
 d - a meat ration


   Skills:
 + Level 8.0(7.6) Fighting
 * Level 9.6(9.2) Long Blades
 - Level 3.2(2.9) Armour
 - Level 3.2(2.9) Shields


You had 4 spell levels left.
You didn't know any spells.

Dungeon Overview and Level Annotations

Branches:
Dungeon (1/1)

Altars:
Cheibriados
Dithmenos
Elyvilon
Fedhas
Gozag
Kikubaaqudgha
Makhleb
Nemelex Xobeh
Okawaru
Qazlal
Ru
Sif Muna
Trog
Vehumet
Xom
Yredelemnul
Zin
The Shining One
Beogh
Jiyva
Lugonu


Message History

* * * LOW HITPOINT WARNING * * *
You feel drained.
* * * LOW HITPOINT WARNING * * *
You hit the wight.
The wight is heavily damaged.
The phantom hits you!
* * * LOW HITPOINT WARNING * * *
Drink which item? (? for menu, Esc to quit)
You feel much better. You block the wight's attack. The phantom hits you.
* * * LOW HITPOINT WARNING * * *
The phantom blinks!
You hit the wight but do no damage.
The wight is heavily damaged.
The phantom blinks!
You block the wight's attack.
You hit the wight.
The wight is severely damaged.
The phantom hits you!
* * * LOW HITPOINT WARNING * * *
The wight hits you with a morningstar!
You die...

▓.▓
▓|▓
▓)▓
▓[▓
▓[▓
▓[▓
▓.▓
▓W▓
▓@▓
▓z▓
▓Z▓
▓S▓
▓l▓
▓5▓
▓.▓
▓+▓


You could see a phantom, an iguana, a wight, a quasit, an adder and a bat
zombie.

Vanquished Creatures
  A centaur (D)
  A crimson imp (D)
  A worker ant (D)
  An adder (D)
  A giant cockroach (D)
  A goblin (D)
  A hobgoblin (D)
  A kobold (D)
  A bat (D)
  A giant newt (D)
10 creatures vanquished.

Notes
Turn   | Place    | Note
--------------------------------------------------------------
     0 | D        | Monkaria, the Hill Orc Fighter, began the quest for the Orb.
     0 | D        | Reached XP level 1. HP: 19/19 MP: 1/1
     7 | D        | Reached skill level 4 in Fighting
    21 | D        | Noticed a worker ant
    21 | D        | Noticed a crimson imp
    21 | D        | Noticed a centaur
    34 | D        | Killed a worker ant
    34 | D        | Reached skill level 5 in Fighting
    34 | D        | Reached skill level 5 in Long Blades
    34 | D        | Reached XP level 2. HP: 20/29 MP: 2/2
    34 | D        | Reached XP level 3. HP: 24/36 MP: 3/3
    40 | D        | Killed a centaur
    40 | D        | Reached skill level 7 in Fighting
    40 | D        | Reached skill level 8 in Long Blades
    40 | D        | Reached XP level 4. HP: 24/47 MP: 4/4
    45 | D        | Reached XP level 5. HP: 24/52 MP: 5/5
    50 | D        | Killed a crimson imp
    50 | D        | Reached skill level 9 in Long Blades
    73 | D        | Found a glowing silver altar of Zin.
    73 | D        | Found a glowing golden altar of the Shining One.
    73 | D        | Found an ancient bone altar of Kikubaaqudgha.
    73 | D        | Found a basalt altar of Yredelemnul.
    73 | D        | Found a shimmering altar of Xom.
    73 | D        | Found a radiant altar of Vehumet.
    73 | D        | Found an iron altar of Okawaru.
    74 | D        | Found a burning altar of Makhleb.
    75 | D        | Found a deep blue altar of Sif Muna.
    76 | D        | Found a bloodstained altar of Trog.
    77 | D        | Found a sparkling altar of Nemelex Xobeh.
   106 | D        | Found a white marble altar of Elyvilon.
   107 | D        | Found a roughly hewn altar of Beogh.
   108 | D        | Found a viscous altar of Jiyva.
   109 | D        | Found a corrupted altar of Lugonu.
   110 | D        | Found a blossoming altar of Fedhas.
   111 | D        | Found a snail-covered altar of Cheibriados.
   113 | D        | Became a worshipper of Makhleb the Destroyer
   115 | D        | Found a shadowy altar of Dithmenos.
   116 | D        | Found a stormy altar of Qazlal.
   117 | D        | Found an opulent altar of Gozag.
   118 | D        | Found a sacrificial altar of Ru.
   143 | D        | Noticed a phantom
   143 | D        | Noticed a wight
   143 | D        | Noticed an iguana
   143 | D        | Noticed a quasit
   157 | D        | HP: 1/53 [phantom (8)]
   160 | D        | Slain by a wight

Action                   |  1- 3 |  4- 6 || total
-------------------------+-------+-------++-------
Melee: Long sword        |    28 |    21 ||    49
  Use: Potion            |     1 |     1 ||     2
